[Event "Team 45 45 League T29"]
[Site "Internet Chess Club"]
[Date "2006.01.23"]
[Round "5"]
[White "rss"]
[Black "fledermaus"]
[Result "1/2-1/2"]
[WhiteElo "1837"]
[BlackElo "2006"]
[TimeControl "2700+45"]

1. e4 Nf6 2. e5 Nd5 3. d4 d6 4. exd6 cxd6 5. c4 Nf6 6. Nc3 g6 7. h3 Bg7 8. Nf3
O-O 9. Bd3 Nc6 10. a3 d5 11. O-O dxc4 12. Bxc4 a6 13. Be3 b5 14. Bd3 Bb7 15. Ne4
Nxe4 16. Bxe4 Rc8 17. Rc1 Na5 18. Bxb7 Nxb7 19. Rxc8 Qxc8 20. Qc1 Nd6 21. Qxc8
Rxc8 22. Rc1 Rxc1+ 23. Bxc1 Kf8 24. Kf1 Nc4 25. Ke2 e6 26. Kd3 Ke7 27. Nd2 Nb6
28. Ne4 Nc4 29. Nc5 a5 30. b3 Nb6 31. a4 bxa4 32. Nxa4 Nd5 33. Bd2 Kd7 34. g3
{Game drawn by mutual agreement} 1/2-1/2  aics%

[Event "Team 45 45 League T29"]
[Site "Internet Chess Club"]
[Date "2006.01.21"]
[Round "5"]
[White "Winclick"]
[Black "Knightstorm57"]
[Result "1-0"]
[WhiteElo "1757"]
[BlackElo "1833"]
[TimeControl "2700+45"]

1. d4 Nf6 2. c4 g6 3. Nc3 Bg7 4. e4 d6 5. g3 O-O 6. Bg2 Nbd7 7. Nh3 e5 8. d5 Nc5
9. Qe2 a5 10. b3 h6 11. O-O Ne8 12. f4 exf4 13. Bb2 fxg3 14. hxg3 Nf6 15. Nb5
Bxh3 16. Bxh3 Ncxe4 17. Kh2 Re8 18. Qd3 Nh5 19. Bxg7 Kxg7 20. g4 Nhf6 21. Rf4
Qe7 22. Raf1 c6 23. dxc6 bxc6 24. Nd4 g5 25. Nf5+ {Black resigns} 1-0  aics%

[Event "Team 45 45 League T29"]
[Site "Internet Chess Club"]
[Date "2006.01.21"]
[Round "5"]
[White "Ferreruela"]
[Black "GoIrish"]
[Result "1-0"]
[WhiteElo "1746"]
[BlackElo "1578"]
[TimeControl "2700+45"]

1. e4 d6 2. d4 Nf6 3. Nc3 g6 4. Bc4 Bg7 5. f3 O-O 6. Be3 e5 7. Nge2 exd4 8. Nxd4
Nbd7 9. Qd2 Ne5 10. Bb3 Nfd7 11. a3 Nc5 12. Ba2 c6 13. h4 h5 14. O-O-O Ne6 15.
Nxe6 Bxe6 16. Bxe6 fxe6 17. Bg5 Qc7 18. Qxd6 Qxd6 19. Rxd6 Rae8 20. Rhd1 Bf6 21.
Bxf6 Rxf6 22. Ne2 Nc4 23. Rd8 Kf8 24. Rxe8+ Kxe8 25. Rd3 Ke7 26. a4 c5 27. Rc3
Nb6 28. Rxc5 Kd6 29. Ra5 a6 30. b3 e5 31. c4 Nd7 32. Rd5+ Kc6 33. Kd2 Nb6 34.
Rxe5 Nd7 35. Rd5 Nc5 36. Kc3 b6 37. e5 {Black resigns} 1-0  aics%

[Event "Team 45 45 League T29"]
[Site "Internet Chess Club"]
[Date "2006.01.22"]
[Round "5"]
[White "Zyme"]
[Black "dondel"]
[Result "0-1"]
[WhiteElo "1515"]
[BlackElo "1661"]
[TimeControl "2700+45"]

1. d4 d5 2. c4 c6 3. Nf3 Nf6 4. Nc3 e6 5. e3 Nbd7 6. Bd3 dxc4 7. Bxc4 b5 8. Bd3
a6 9. e4 c5 10. d5 c4 11. dxe6 cxd3 12. exf7+ Kxf7 13. e5 Qe7 14. Ng5+ Ke8 15.
O-O Nxe5 16. Re1 Bg4 17. f3 Bh5 18. g4 h6 19. Bf4 Nfxg4 20. fxg4 Bxg4 21. Qb3
Be2 22. Nd5 Qc5+ 23. Be3 Qc6 24. Rac1 Nc4 25. Nb4 Qd7 26. Ne4 Bxb4 27. Qxb4 Qe6
28. Nc5 Qg4+ 29. Kf2 Rf8+ 30. Bf4 Rxf4# {White checkmated} 0-1  aics%

[Event "Team 45 45 League T29"]
[Site "Internet Chess Club"]
[Date "2006.01.20"]
[Round "5"]
[White "fuzzface"]
[Black "Gomer"]
[Result "0-1"]
[WhiteElo "1342"]
[BlackElo "1324"]
[TimeControl "2700+45"]

1. d4 Nf6 2. c4 g6 3. g3 Bg7 4. Nc3 d5 5. c5 O-O 6. e3 e6 7. Bg2 b6 8. b4 bxc5
9. bxc5 Ba6 10. Rb1 Nc6 11. Qa4 Nb8 12. Nf3 Bd3 13. Rb2 Qd7 14. Ne5 Qxa4 15.
Nxa4 Ba6 16. Bf3 Nbd7 17. Nxd7 Nxd7 18. Be2 Bxe2 19. Rxe2 e5 20. c6 Nb6 21. Nxb6
cxb6 22. Ba3 Rfe8 23. O-O exd4 24. Rc2 dxe3 25. Re1 exf2+ 26. Kxf2 Rxe1 27. Kxe1
Bf8 28. c7 Rc8 29. Bxf8 Kxf8 30. Kd2 Ke7 31. Kd3 Kd7 32. Rf2 f5 33. Kd4 Kd6 34.
Rc2 Rxc7 35. Rxc7 Kxc7 36. Kxd5 a5 37. a3 b5 38. Kc5 b4 39. Kb5 bxa3 {White
resigns} 0-1  aics%  forketta(340): LOL aics%

[Event "Team 45 45 League T29"]
[Site "Internet Chess Club"]
[Date "2006.01.21"]
[Round "5"]
[White "Prop"]
[Black "klt713"]
[Result "0-1"]
[WhiteElo "1228"]
[BlackElo "1303"]
[TimeControl "2700+45"]

1. e4 c5 2. Nf3 e6 3. Nc3 d6 4. Bc4 Nc6 5. O-O a6 6. d4 b5 7. Be2 cxd4 8. Nxd4
Nxd4 9. Qxd4 e5 10. Qd3 Be6 11. Be3 Bc4 12. Qd2 Bxe2 13. Qxe2 Ne7 14. Rad1 Qd7
15. Bg5 f6 16. Bh4 Ng6 17. Bg3 Qb7 18. Rd2 Rd8 19. Nd5 Be7 20. Nxe7 Qxe7 21.
Rfd1 O-O 22. b3 Rd7 23. a4 bxa4 24. bxa4 Qe6 25. Qxa6 Rfd8 26. c4 Kf7 27. f3 Ke7
28. Bf2 Nf4 29. c5 dxc5 30. Bxc5+ Kf7 31. Rxd7+ Rxd7 32. Qxe6+ Kxe6 33. Rxd7
Kxd7 34. a5 Kc6 35. Bf8 Ne6 36. Ba3 Kb5 37. Bc1 Kxa5 38. g3 Kb5 39. f4 Nd4 40.
Kf2 Kc4 41. Ke3 Nc6 42. Ba3 Nb4 43. Bxb4 Kxb4 44. fxe5 fxe5 45. Kf3 Kc4 46. Kg4
Kd4 47. Kf3 g5 48. g4 h6 49. h3 Kd3 50. Kf2 Kxe4 51. Ke1 Ke3 52. Kf1 e4 53. Kg2
Ke2 54. Kg3 Kf1 55. h4 e3 56. hxg5 hxg5 {White resigns} 0-1

[Event "Team 45 45 League T29"]
[Site "Internet Chess Club"]
[Date "2006.01.21"]
[Round "5"]
[White "ffplayer"]
[Black "BosqueVerde"]
[Result "0-1"]
[WhiteElo "1131"]
[BlackElo "1231"]
[TimeControl "2700+45"]

1. d4 d5 2. c4 c6 3. Nf3 Nf6 4. Bg5 Nbd7 5. Nc3 e6 6. e3 Bb4 7. Rc1 Qb6 8. Qc2
c5 9. Be2 O-O 10. O-O Bxc3 11. bxc3 Ne4 12. Be7 Re8 13. Rb1 Qa5 14. Bxc5 Nxc3
15. Bb4 Nxe2+ 16. Qxe2 Qa4 17. cxd5 exd5 18. Rb3 b6 19. h3 a5 20. Bd6 Ba6 21.
Qb2 Bxf1 22. Kxf1 Qc6 23. Be5 Rac8 24. Rc3 Qa4 25. Qc2 Qxc2 26. Rxc2 Rxc2 27.
Kg1 Nxe5 28. Nxe5 Rxa2 29. Nd7 Rc8 30. Kh2 Rcc2 31. Kg3 Rxf2 32. Kh4 Rxg2 33.
Nxb6 g5+ 34. Kh5 Kg7 35. Nxd5 f6 36. Nc3 Raf2 37. Ne4 Rf5 38. Nd6 Rgf2 39. e4
R5f4 40. Nf5+ Rxf5 41. exf5 Rxf5 42. h4 gxh4+ 43. Kxh4 a4 {White resigns} 0-1 
aics%

[Event "Team 45 45 League T29"]
[Site "Internet Chess Club"]
[Date "2006.01.20"]
[Round "5"]
[White "JustinZ"]
[Black "DayDream01"]
[Result "0-1"]
[WhiteElo "1207"]
[BlackElo "1192"]
[TimeControl "2700+45"]

1. e4 e5 2. Nf3 Nc6 3. Bb5 d5 4. Nxe5 Bd7 5. Nxc6 bxc6 6. Bd3 Nf6 7. exd5 cxd5
8. O-O Bd6 9. Nc3 O-O 10. Qf3 c6 11. Bf5 Re8 12. d3 Re5 13. Bxd7 Qxd7 14. Bd2
Rf5 15. Qh3 Rh5 16. Qxd7 Nxd7 17. h3 Re8 18. Rfe1 Be5 19. d4 Rb8 20. dxe5 Rxb2
21. Rac1 Nxe5 22. Bf4 f6 23. g4 Nf3+ 24. Kf1 Nxe1 25. gxh5 Nxc2 26. Rb1 Rb4 27.
Rxb4 Nxb4 28. a3 Nd3 29. Bb8 a6 30. Na2 Kf7 31. Nb4 Nxb4 32. axb4 Ke6 33. Ke2 g5
34. Kd3 f5 35. Kd4 Kd7 36. Kc5 f4 37. Kd4 Ke6 38. Kc5 Kf5 39. Kxc6 d4 40. Kb6 d3
41. Kxa6 d2 42. b5 d1=Q 43. Bc7 Qa1+ 44. Ba5 Qf6+ 45. b6 Qh6 46. Ka7 Qxh5 47. b7
Qe8 48. b8=Q Qxb8+ 49. Kxb8 h5 50. Kb7 h4 51. Be1 f3 52. Bd2 g4 53. Be3 gxh3 54.
Kc6 h2 55. Kd5 h1=Q 56. Kd4 Qd1+ 57. Kc3 Ke4 58. Kb2 Kd3 59. Bc1 Qc2+ 60. Ka1
Qxc1+ 61. Ka2 Qd2+ 62. Ka1 Kc3 63. Kb1 Qb2# {White checkmated} 0-1  aics%

[Event "Team 45 45 League T29"]
[Site "Internet Chess Club"]
[Date "2006.01.23"]
[Round "5"]
[White "QuaqQuao"]
[Black "mrmarck"]
[Result "1-0"]
[WhiteElo "1574"]
[BlackElo "1506"]
[TimeControl "2700+45"]

1. e4 e5 2. Nf3 Nc6 3. Bb5 Nf6 4. d3 d6 5. Be3 a6 6. Ba4 Be6 7. Nbd2 Be7 8. Ng5
Bd7 9. Bxc6 Bxc6 10. Nf1 d5 11. Ng3 d4 12. Bd2 Qd7 13. h3 g6 14. f4 exf4 15.
Bxf4 h6 16. Nf3 Bd6 17. e5 Nd5 18. exd6 Nxf4 19. O-O Qxd6 20. Ne4 Bxe4 21. dxe4
O-O-O 22. Ne1 g5 23. h4 f6 24. Qf3 Rdf8 25. Rd1 Qc5 26. Kh2 Qd6 27. g3 Ng6 28.
Qf5+ Kb8 29. Qxg6 gxh4 30. Nd3 Rhg8 31. e5 hxg3+ 32. Kg1 Rxg6 33. exd6 cxd6 34.
Rf4 Re8 35. Rd2 h5 36. Rxd4 Kc7 37. Kg2 Re3 38. Nf4 Rg4 39. Nd5+ Kc6 40. Nxe3
Rxd4 41. Rxd4 Kc5 42. Rd5+ Kc6 43. Rxh5 {Black resigns} 1-0  aics%

[Event "Team 45 45 League T29"]
[Site "Internet Chess Club"]
[Date "2006.01.22"]
[Round "5"]
[White "mwm913"]
[Black "chessterbaggins"]
[Result "0-1"]
[WhiteElo "1304"]
[BlackElo "1218"]
[TimeControl "2700+45"]

1. e4 e5 2. Nf3 Nc6 3. Nc3 Bc5 4. Bb5 a6 5. Bc4 Qf6 6. Nd5 Qd6 7. O-O Nf6 8. d3
O-O 9. Bg5 Nxd5 10. Bxd5 Nb4 11. Bb3 a5 12. a3 Nc6 13. Qe2 Nd4 14. Nxd4 Bxd4 15.
c3 Bc5 16. Rad1 b6 17. Qg4 Ba6 18. Bc2 Rae8 19. b4 axb4 20. axb4 Bxb4 21. cxb4
Qxb4 22. Qxd7 c5 23. Bd2 Qb2 24. Rc1 c4 25. dxc4 Rd8 26. Qa7 Bxc4 27. Rfd1 Rxd2
28. Qa4 b5 29. Qa1 Rxd1+ 30. Bxd1 Qb4 31. Qxe5 Qe1# {White checkmated} 0-1 
aics%

[Event "Team 45 45 League T29"]
[Site "Internet Chess Club"]
[Date "2006.01.18"]
[Round "5"]
[White "Conjurer"]
[Black "NineMilly"]
[Result "0-1"]
[WhiteElo "1301"]
[BlackElo "1163"]
[TimeControl "2700+45"]

1. e4 e6 2. d4 d5 3. e5 c5 4. c3 cxd4 5. cxd4 Qb6 6. Nf3 Bb4+ 7. Nc3 h6 8. Be2
Nc6 9. O-O Bxc3 10. bxc3 Nge7 11. Ba3 Qa5 12. Qb3 a6 13. Bb4 Nxb4 14. cxb4 Qb6
15. Rac1 Bd7 16. a4 a5 17. b5 Nf5 18. Qb2 Rc8 19. Rxc8+ Bxc8 20. Rc1 O-O 21. Rc5
Bd7 22. Qc3 Qd8 23. g4 b6 24. Rc7 Ne7 25. Qc2 Bc6 26. Rxc6 Nxc6 27. Qxc6 Qb8 28.
Qc1 Qc8 29. Qf4 Qc2 30. Qe3 Qxa4 31. g5 Qc2 32. gxh6 Qb1+ 33. Bf1 Qg6+ 34. Qg5
gxh6 35. Qxg6+ fxg6 36. Nh4 Kg7 37. Bh3 Rf4 38. Bxe6 Rxh4 39. Bxd5 Rxd4 40. Bc6
Kf8 41. Kg2 a4 42. Kf3 a3 43. Ke3 a2 44. Kxd4 a1=Q+ 45. Kd5 Ke7 46. e6 Qa2+ 47.
Ke5 Qxe6+ 48. Kd4 Qf6+ 49. Ke3 Qe5+ 50. Be4 Qxh2 51. Bxg6 Qe5+ 52. Be4 h5 53. f4
Qxb5 54. f5 Kf6 55. Bd3 Qe5+ 56. Be4 h4 57. Kf3 h3 58. Ke3 h2 59. Kd3 Qg3+ 60.
Kd4 Qg1+ 61. Kd5 h1=Q 62. Bxh1 Qxh1+ 63. Kc4 Qc6+ 64. Kb4 Kxf5 65. Kb3 b5 66.
Kb4 Qc4+ 67. Ka5 b4 68. Ka4 b3+ 69. Ka5 b2 70. Kb6 b1=Q+ 71. Ka7 Qca2# {White
checkmated} 0-1  aics%  catrasca(71): hola quere aics%

[Event "Team 45 45 League T29"]
[Site "Internet Chess Club"]
[Date "2006.01.22"]
[Round "5"]
[White "PocketChange"]
[Black "guyd52"]
[Result "1-0"]
[WhiteElo "1282"]
[BlackElo "1221"]
[TimeControl "2700+45"]

1. e4 d6 2. d4 g6 3. Nc3 Bg7 4. Nf3 Nf6 5. Bc4 O-O 6. O-O c5 7. dxc5 dxc5 8. Be3
Nbd7 9. Qe2 a6 10. Rad1 Qb6 11. b3 Qa5 12. Rd3 b5 13. Bd5 Nxd5 14. Nxd5 Qxa2 15.
Nxe7+ Kh8 16. Nxc8 c4 17. bxc4 Qxc4 18. Nd6 Qb4 19. Bd4 Nc5 20. c3 Qa3 21. Bxc5
Qxc5 22. Qe3 Qc6 23. Rfd1 a5 24. Qf4 f6 25. Nd4 Qd7 26. N4xb5 Ra6 27. c4 Re8 28.
Nxe8 Qxe8 29. Rd8 Qxd8 30. Rxd8+ Bf8 31. Rxf8+ Kg7 32. Rb8 Rc6 33. Rb7+ {Black
resigns} 1-0  aics%

[Event "Team 45 45 League T29"]
[Site "Internet Chess Club"]
[Date "2006.01.25"]
[Round "5"]
[White "Ghostblaster"]
[Black "pokerram"]
[Result "0-1"]
[WhiteElo "1620"]
[BlackElo "1661"]
[TimeControl "2700+45"]

1. d4 Nf6 2. c4 g6 3. Nc3 Bg7 4. Nf3 d6 5. e4 O-O 6. Be2 e5 7. d5 Na6 8. Be3 Ng4
9. Bg5 f6 10. Bh4 Nh6 11. Qd2 Nf7 12. O-O c6 13. Qd1 Bd7 14. Nd2 Bh6 15. Bg3 f5
16. f4 exf4 17. Bxf4 Bxf4 18. Rxf4 Qb6+ 19. Kh1 Qxb2 20. Rc1 Ne5 21. exf5 Bxf5
22. Nde4 Bxe4 23. Rxf8+ Rxf8 24. Nxe4 Nf7 25. Rb1 Qe5 26. Bf3 Qe7 27. dxc6 bxc6
28. Qd4 Ne5 29. Be2 Nc5 30. Nxc5 dxc5 31. Qe4 Qd6 32. Rd1 Qxd1+ {White resigns}
0-1  aics%

[Event "Team 45 45 League T29"]
[Site "Internet Chess Club"]
[Date "2006.01.22"]
[Round "5"]
[White "bonecore"]
[Black "BenjaminSisko"]
[Result "1-0"]
[WhiteElo "1791"]
[BlackElo "1506"]
[TimeControl "2700+45"]

1. g3 e5 2. Bg2 Nf6 3. d3 Bc5 4. Nf3 Nc6 5. e4 O-O 6. O-O d5 7. Nc3 dxe4 8. dxe4
Bg4 9. Bg5 Qxd1 10. Raxd1 Nd7 11. Nd5 Bd6 12. h3 Be6 13. Be3 h6 14. a3 Nb6 15.
Nxb6 axb6 16. Bxb6 Bxa3 17. Bxc7 Bxb2 18. Rb1 Rfc8 19. Bd6 Ra2 20. Rfd1 f6 21.
Bf1 Bc3 22. Rxb7 Rxc2 23. Bd3 Rb2 24. Ba6 Ra8 25. Rxb2 Bxb2 26. Bb7 {Black
resigns} 1-0

[Event "Team 45 45 League T29"]
[Site "Internet Chess Club"]
[Date "2006.01.22"]
[Round "5"]
[White "mrmarck"]
[Black "SpeedBlade"]
[Result "1-0"]
[WhiteElo "1520"]
[BlackElo "1429"]
[TimeControl "2700+45"]

1. e4 d5 2. exd5 Qxd5 3. Nc3 Qd6 4. Nf3 Nf6 5. Bc4 a6 6. O-O b5 7. Bd3 Bb7 8.
Re1 Nbd7 9. Ne4 Qb6 10. Qe2 e6 11. b3 Be7 12. Bb2 O-O 13. Ne5 Rfd8 14. Ng5 Nxe5
15. Bxe5 h6 16. Bxf6 Bxf6 17. Bh7+ Kf8 18. Nxf7 Kxf7 19. Qh5+ Ke7 20. Bf5 Rd6
21. c3 c5 22. Re2 Rad8 23. Rae1 Bc8 24. d3 Bxc3 25. Qg6 Rf8 26. Rc1 Rxf5 27.
Rxc3 Rf7 28. Rc1 Qd8 29. Rce1 Qd7 30. Re3 Kf8 31. Qh7 Ke7 32. Rf3 Kd8 33. Qg8+
Qe8 34. Qxf7 Qxf7 35. Rxf7 Rxd3 36. Rxg7 Rd2 37. Ra1 e5 38. h3 Be6 39. Rg6 Bf5
40. Rxa6 Bd3 41. Rxh6 {Black resigns} 1-0  aics%

[Event "Team 45 45 League T29"]
[Site "Internet Chess Club"]
[Date "2006.01.22"]
[Round "5"]
[White "kingofthespill"]
[Black "Borovnia"]
[Result "0-1"]
[WhiteElo "1493"]
[BlackElo "1456"]
[TimeControl "2700+45"]

1. d4 d5 2. c4 Nf6 3. cxd5 Nxd5 4. e4 Nf6 5. Nc3 g6 6. Nf3 Bg7 7. Bb5+ c6 8. Bd3
O-O 9. O-O Ng4 10. e5 c5 11. h3 cxd4 12. Nb5 Nxe5 13. Nbxd4 Nxd3 14. Qxd3 e5 15.
Bg5 Qd5 16. Qb5 Qxb5 17. Nxb5 Nc6 18. Rfe1 Bf5 19. Nh4 Bd3 20. Nd6 f6 21. Be3 b6
22. f3 Rad8 23. Ne4 f5 24. Ng5 Rd6 25. f4 e4 26. g4 h6 27. gxf5 gxf5 28. Rad1
hxg5 29. fxg5 f4 30. Bc1 Bd4+ 31. Kh1 f3 32. Be3 Bxe3 33. Rxe3 f2 34. Rxe4 Bxe4+
35. Kh2 Rxd1 36. g6 f1=Q 37. g7 Qf2+ 38. Ng2 Qxg2# {White checkmated} 0-1  aics%

[Event "Team 45 45 League T29"]
[Site "Internet Chess Club"]
[Date "2006.01.19"]
[Round "5"]
[White "Irvin"]
[Black "chsrules88"]
[Result "1-0"]
[WhiteElo "1887"]
[BlackElo "1825"]
[TimeControl "2700+45"]

1. e4 e5 2. Nf3 Nc6 3. Bc4 Nd4 4. Nxd4 exd4 5. d3 d6 6. c3 dxc3 7. Nxc3 Nf6 8.
Bg5 Be7 9. f4 O-O 10. O-O c6 11. Qf3 b5 12. Bb3 Bg4 13. Qg3 b4 14. e5 dxe5 15.
fxe5 bxc3 16. exf6 cxb2 17. Rab1 gxf6 18. Bh6 Qd7 19. Rf4 Bc5+ 20. Kh1 f5 21. h3
Bd6 22. hxg4 Bxf4 23. Qxf4 Qe7 24. Bxf8 Rxf8 25. gxf5 Qf6 26. Kg1 Qc3 27. Bc4
Re8 28. f6 Kh8 29. Bxf7 Rf8 30. Bc4 Qc2 31. Qf1 Qd2 32. f7 Qe3+ 33. Qf2 Qc1+ 34.
Qf1 Qe3+ 35. Qf2 Qc1+ 36. Kh2 Qh6+ 37. Kg3 Qg6+ 38. Kf3 Rxf7+ 39. Bxf7 Qxf7+ 40.
Ke3 Qe7+ 41. Kd2 Qg7 42. Kc2 Qe7 43. Rxb2 {Black resigns} 1-0  aics%

[Event "Team 45 45 League T29"]
[Site "Internet Chess Club"]
[Date "2006.01.20"]
[Round "5"]
[White "nursey"]
[Black "wojozim"]
[Result "0-1"]
[WhiteElo "1589"]
[BlackElo "1703"]
[TimeControl "2700+45"]

1. e4 c5 2. Nf3 d6 3. d4 cxd4 4. Nxd4 Nf6 5. Nc3 g6 6. Be2 Bg7 7. Be3 Nc6 8.
Nxc6 bxc6 9. O-O O-O 10. f4 Qc7 11. Bd4 c5 12. Nd5 Nxd5 13. Bxg7 Kxg7 14. Qxd5
Bb7 15. Qd3 Rab8 16. Rad1 Qc6 17. Bf3 Ba6 18. Qc3+ f6 19. Rf2 Qb6 20. b3 Qb4 21.
Qxb4 Rxb4 22. c3 Rb6 23. Rfd2 Bb7 24. Kf2 Rd8 25. Ke3 a5 26. c4 Kf7 27. g3 e5
28. fxe5 fxe5 29. h3 Ke7 30. h4 Bc8 31. Bg2 Be6 32. Rd3 Rb4 33. a3 Rb6 34. R1d2
a4 35. bxa4 Bxc4 36. a5 Ra6 37. Rc3 Be6 38. Rdc2 Rb8 39. Kd2 Rxa5 40. Rc1 Rb3
41. Rxb3 Bxb3 42. Ra1 Ra4 43. Kc3 Bc4 44. Rc1 Be6 45. Kb2 Rd4 46. Rc2 Rd3 47.
Rc3 Rd4 48. Rc2 Bd7 49. Kc3 Bc6 50. Re2 Ra4 51. Kb3 Rd4 52. Kc3 Bb5 53. Rd2 Ra4
54. Kb3 Bc6 55. Re2 Rd4 56. Kc3 Rd1 57. Kc4 Ba4 58. Rb2 Bd7 59. Rb7 Kd8 60. g4
Kc8 61. Ra7 Be6+ 62. Kb5 Bd7+ 63. Kb6 Rb1+ 64. Ka5 c4 65. h5 gxh5 66. gxh5 c3
67. Ra6 Rb5+ 68. Ka4 Rb6+ 69. Ka5 Rxa6+ {White resigns} 0-1  aics%

[Event "Team 45 45 League T29"]
[Site "Internet Chess Club"]
[Date "2006.01.22"]
[Round "5"]
[White "Smart"]
[Black "mal57"]
[Result "1-0"]
[WhiteElo "1601"]
[BlackElo "1469"]
[TimeControl "2700+45"]

1. e4 c5 2. Nf3 Nc6 3. d4 e6 4. Be2 Qa5+ 5. Bd2 Qb6 6. Bc3 Nf6 7. e5 Nd5 8. O-O
Nxc3 9. bxc3 cxd4 10. cxd4 Qb2 11. c3 Qxa1 12. Qc2 Nb4 13. cxb4 Bxb4 14. Qc4 a5
15. Qb3 b6 16. a3 Ba6 17. Bxa6 Rxa6 18. axb4 axb4 19. Qxb4 Qa4 20. Qd6 Ra8 21.
Nc3 Qc6 22. Qb4 d6 23. exd6 O-O 24. Ne5 Qc8 25. Nb5 Ra5 26. Nc4 Ra2 27. Nxb6 Qc2
28. g3 Rb2 29. Qa5 Qf5 30. d7 Rxb5 31. Qa7 Qf6 32. Nc4 Rd5 33. Ne5 Qe7 34. Rc1
g6 35. Rc7 Qd6 36. Nxf7 Rxf7 37. d8=Q+ Qxd8 38. Rxf7 Qf8 39. Rxf8+ Kxf8 40. Kg2
{Black resigns} 1-0  aics%

[Event "Team 45 45 League T29"]
[Site "Internet Chess Club"]
[Date "2006.01.20"]
[Round "5"]
[White "kutch"]
[Black "Creecher"]
[Result "1-0"]
[WhiteElo "1517"]
[BlackElo "1469"]
[TimeControl "2700+45"]

1. e4 c5 2. Nf3 d6 3. Bb5+ Bd7 4. Bxd7+ Qxd7 5. O-O Nc6 6. c3 Nf6 7. Re1 e6 8.
d4 cxd4 9. cxd4 d5 10. e5 Ne4 11. Nc3 Nxc3 12. bxc3 Be7 13. Qc2 h6 14. Rb1 O-O
15. c4 dxc4 16. Qxc4 Rac8 17. Qa4 b6 18. Be3 Rfd8 19. Rec1 Rc7 20. Rc2 Qd5 21.
Rbc1 b5 22. Qb3 Qxb3 23. axb3 Rdc8 24. d5 exd5 25. Nd4 Ba3 26. Nxc6 Bxc1 27.
Ne7+ Rxe7 28. Rxc8+ Kh7 29. Rxc1 Rxe5 30. Bxa7 Re6 31. b4 Re5 32. g3 Re4 33. Bc5
Rc4 34. Rxc4 dxc4 35. Bd4 Kg6 36. Kf1 f6 37. Ke2 Kf5 38. Ke3 h5 39. f3 g5 40. h3
Ke6 41. Bc3 f5 42. h4 g4 43. fxg4 fxg4 44. Kf4 Kd5 45. Kg5 Ke4 46. Kxh5 Kd3 47.
Be5 c3 48. Kxg4 c2 49. Bf4 Kc3 50. h5 Kxb4 51. h6 Ka3 52. h7 Ka2 53. h8=Q b4 54.
Bc1 {Black resigns} 1-0  aics%

[Event "Team 45 45 League T29"]
[Site "Internet Chess Club"]
[Date "2006.01.22"]
[Round "5"]
[White "A-Ru"]
[Black "FatManMGS2"]
[Result "1-0"]
[WhiteElo "1967"]
[BlackElo "1886"]
[TimeControl "2700+45"]

1. d4 d5 2. Nf3 Nf6 3. e3 Bf5 4. c4 c6 5. cxd5 cxd5 6. Qb3 b6 7. Nc3 e6 8. Bd2
Be7 9. Bb5+ Nbd7 10. Ne5 O-O 11. Nc6 Qe8 12. Ba6 Nb8 13. Nxe7+ Qxe7 14. Be2 Nc6
15. O-O Rac8 16. Ba6 Rc7 17. Nb5 Ne4 18. Be1 Rd7 19. Rc1 Na5 20. Qa4 Nc4 21. Bb4
Qg5 22. f4 Qg6 23. Rxc4 dxc4 24. Bxf8 Kxf8 25. Qb4+ Kg8 26. Qxc4 h6 27. Rc1 Kh7
28. Nc3 Nf6 29. Qe2 Rc7 30. Qd2 h5 31. Be2 h4 32. Bf3 h3 33. g3 Be4 34. Bxe4
Nxe4 35. Qd3 f5 36. Qe2 b5 37. Rc2 Nxg3 38. hxg3 b4 39. Kh2 bxc3 40. bxc3 Rb7
41. Qf1 Qe8 42. Qxh3+ Kg8 43. c4 g5 44. Kg1 Rh7 45. Qg2 gxf4 46. exf4 Qd7 47. d5
Qb7 48. Rb2 Qc7 49. Qe2 Qc5+ 50. Kg2 Rh6 51. Rb8+ Kf7 52. Rb7+ Ke8 53. Qe5 Qa5
54. Rb8+ Ke7 55. d6+ Kf7 56. Qxa5 a6 57. Qc7+ Kg6 58. Rg8+ Kh5 59. Rg5# {Black
checkmated} 1-0  aics%

[Event "Team 45 45 League T29"]
[Site "Internet Chess Club"]
[Date "2006.01.21"]
[Round "5"]
[White "Loco-Motif"]
[Black "Kingofknights"]
[Result "1-0"]
[WhiteElo "1901"]
[BlackElo "1702"]
[TimeControl "2700+45"]

1. d4 Nf6 2. c4 c5 3. d5 b5 4. b3 bxc4 5. bxc4 Qb6 6. Qc2 d6 7. Nc3 Na6 8. Qb3
Bf5 9. Qb5+ Qxb5 10. Nxb5 Kd7 11. f3 Nb4 12. Kd2 Bc2 13. a3 Bb3 14. axb4 Bxc4
15. Rxa7+ Rxa7 16. Nxa7 cxb4 17. Nc6 Nxd5 18. Na5 Bb5 19. Bb2 e5 20. Nh3 Be7 21.
e4 Bxf1 22. Rxf1 Nb6 23. Rc1 Ra8 24. Nc4 Ra6 25. Kd3 f6 26. f4 Na4 27. Ke3 Nxb2
28. Nxb2 Ra3+ 29. Kd2 Ra2 30. Kc2 d5 31. exd5 Bc5 32. fxe5 fxe5 33. Ng5 Bd4 34.
Rb1 Kd6 35. Kb3 Rxb2+ 36. Rxb2 Bxb2 37. Kxb2 Kxd5 38. Kb3 e4 39. Kxb4 Kd4 40.
Nxh7 e3 41. Ng5 e2 42. Nf3+ Ke3 43. Kc3 g5 44. Ne1 Kf2 45. Kd2 g4 46. g3 Kf1 47.
Nd3 Kg1 48. Kxe2 Kg2 49. Ne5 Kxh2 50. Kf2 Kh3 51. Nd3 Kh2 52. Nf4 Kh1 53. Nh5
Kh2 54. Ke3 Kg2 55. Kf4 Kh3 56. Nf6 {Black resigns} 1-0  aics%

[Event "Team 45 45 League T29"]
[Site "Internet Chess Club"]
[Date "2006.01.23"]
[Round "5"]
[White "DaveTheRook"]
[Black "ActionMan"]
[Result "1-0"]
[WhiteElo "1684"]
[BlackElo "1587"]
[TimeControl "2700+45"]

1. Nf3 Nf6 2. g3 d5 3. Bg2 c6 4. O-O Nbd7 5. d3 e5 6. Nbd2 Bd6 7. c3 O-O 8. Qc2
Re8 9. e4 Nc5 10. Re1 Bg4 11. h3 Bh5 12. b4 Ncd7 13. a3 Qc7 14. c4 dxe4 15. dxe4
Rad8 16. c5 Bf8 17. Bb2 Bxf3 18. Bxf3 b6 19. cxb6 axb6 20. Nb3 c5 21. bxc5 Nxc5
22. Rac1 Rd3 23. Qxd3 Nxd3 24. Rxc7 Nxe1 25. Be2 Nxe4 26. Kf1 Nxf2 27. Kxf2 Nc2
28. Rxc2 Be7 29. Bb5 Rd8 30. Bxe5 Bc5+ 31. Nxc5 bxc5 32. Rxc5 f6 33. Bc4+ Kf8
34. Bc3 {Black resigns} 1-0  aics%

[Event "Team 45 45 League T29"]
[Site "Internet Chess Club"]
[Date "2006.01.21"]
[Round "5"]
[White "nursey"]
[Black "az2112"]
[Result "0-1"]
[WhiteElo "1570"]
[BlackElo "1605"]
[TimeControl "2700+45"]

1. e4 c5 2. Nf3 d6 3. d4 cxd4 4. Nxd4 Nf6 5. Nc3 a6 6. Bg5 e6 7. Bc4 Be7 8. f4
O-O 9. O-O Nc6 10. a3 Qb6 11. Ne2 Qxb2 12. Ra2 Qb6 13. Qd3 e5 14. Qb3 Qa7 15.
Rd1 b5 16. Bxf6 Nxd4 17. Nxd4 bxc4 18. Qxc4 Bxf6 19. fxe5 dxe5 20. Kf1 exd4 21.
Rb2 Be6 22. Qd3 Rac8 23. Kf2 Bc4 24. Qg3 d3+ {White resigns} 0-1  aics%

[Event "Team 45 45 League T29"]
[Site "Internet Chess Club"]
[Date "2006.01.25"]
[Round "5"]
[White "Zornorph"]
[Black "MiroslavR"]
[Result "1-0"]
[WhiteElo "1974"]
[BlackElo "1971"]
[TimeControl "2700+45"]

1. c4 Nf6 2. Nc3 g6 3. g3 Bg7 4. Bg2 O-O 5. Nf3 d6 6. O-O e5 7. d3 Nc6 8. Rb1 a5
9. a3 Re8 10. Bg5 h6 11. Bxf6 Bxf6 12. Nd2 Bd7 13. b4 axb4 14. axb4 Qc8 15. Nd5
Bg7 16. Ne4 Qd8 17. b5 Nd4 18. b6 Ne6 19. bxc7 Nxc7 20. Nb6 Ra6 21. Nxd6 Bc6 22.
Nxe8 Nxe8 23. Nd5 Nd6 24. e4 b5 25. Nb4 Rb6 26. c5 {Black resigns} 1-0  aics%

[Event "Team 45 45 League T29"]
[Site "Internet Chess Club"]
[Date "2006.01.21"]
[Round "5"]
[White "TheBogNug"]
[Black "Knight77"]
[Result "1-0"]
[WhiteElo "1885"]
[BlackElo "1783"]
[TimeControl "2700+45"]

1. c4 c5 2. g3 Nc6 3. Bg2 Nf6 4. Nc3 e6 5. d3 Be7 6. Nf3 d5 7. e3 O-O 8. cxd5
exd5 9. d4 Re8 10. O-O Bg4 11. h3 Bh5 12. Qd2 Ne4 13. Nxe4 dxe4 14. Ne5 Nxe5 15.
dxe5 Qxd2 16. Bxd2 Be2 17. Bxe4 Bxf1 18. Kxf1 Red8 19. Bc3 Rab8 20. a4 a6 21. a5
g6 22. Ke2 Rd7 23. h4 c4 24. h5 b5 25. axb6 Rxb6 26. hxg6 fxg6 27. Ra4 a5 28.
Rxc4 Bb4 29. Bd4 Rb8 30. Rc6 Be7 31. Ra6 Bb4 32. Bd3 Kf8 33. Bc4 Rc8 34. b3 Bc5
35. Bc3 Bb4 36. Bxb4+ axb4 37. f4 Rcd8 38. e4 Rd2+ 39. Kf3 Rb2 40. Bd5 Rxb3+ 41.
Bxb3 Rd3+ 42. Kg4 Rxb3 43. Rb6 Rb1 44. Kg5 Ke7 45. Rb7+ Ke6 46. Rxh7 b3 47. Rb7
b2 48. Rb6+ Ke7 49. Kxg6 Re1 50. Rxb2 Rxe4 51. Kf5 Rc4 52. Rb7+ Kf8 53. Kf6 Kg8
54. e6 Rc6 55. f5 Rc8 56. g4 Re8 57. e7 Ra8 58. Kg6 {Black resigns} 1-0  aics%